AoeStats
← Gim

QS Arena

503380636Analyzed
4v4 RM · 1mo ago on Aug 31, 2026· 27m 54s· 8 players
Game mode
Random Map
Map size
Large (8 player)
Population
200
Speed
Normal
Resources
Standard
Victory
Conquest
Starting age
Dark Age
Ending age
Imperial Age
RankedLock teamsTeams togetherTeam positionsShared explorationLock speedFull tech treeHidden civsTurbo modeCheats
Victory
Defeat
🇹🇼 Huns · Taiwan
1274
+15
🇬🇧 Ethiopians · United Kingdom
1256
+16
🇩🇪 Bengalis · Germany
1236
+17
🇫🇷 Turks · France
1176
+20
🇯🇵 Lithuanians · Japan
1374
-22
🇮🇳 Aztecs · India
1296
-19
🇨🇳 Malians · China
1185
-33
🇨🇳 Spanish · China
1183
-14
milesburkley
8:40 Feudal Age
12:16 Castle Age
10:06 Double-Bit Axe
10:03 Horse Collar
13:44 Heavy Plow
13:56 Bow Saw
16:45 Wheelbarrow
18:05 Loom
18:33 Gold Mining
19:36 Fletching
19:54 Crossbowman
21:05 Bodkin Arrow
21:28 Padded Archer Armor
22:14 Hand Cart
22:42 Ballistics
23:55 Gold Shaft Mining
23:13 Stone Mining
27:34 Imperial Age
27:00 Leather Archer Armor
28:22 Bracer
29:27 Chemistry
27:49 Arbalester
Guillaume [ FR ]
9:28 Feudal Age
13:41 Castle Age
14:25 Loom
14:39 Gold Mining
19:35 Imperial Age
17:17 Horse Collar
18:15 Double-Bit Axe
19:50 Loom
21:15 Padded Archer Armor
Smile
8:14 Feudal Age
9:17 Double-Bit Axe
9:14 Horse Collar
13:50 Castle Age
14:39 Stone Mining
15:24 Bow Saw
26:35 Fletching
26:58 Heavy Plow
26:54 Gold Mining
28:35 Wheelbarrow
28:33 Ballistics
poppypon
8:59 Feudal Age
12:54 Castle Age
11:09 Double-Bit Axe
11:31 Horse Collar
14:00 Bow Saw
20:53 Stone Mining
22:33 Scale Barding Armor
22:38 Forging
22:52 Husbandry
23:02 Bloodlines
23:39 Wheelbarrow
24:58 Chain Barding Armor
25:13 Iron Casting
25:59 Marauders
28:59 Imperial Age
27:17 Fletching
27:31 Heavy Plow
27:34 Gold Mining
Borad
2:38 Loom
8:00 Feudal Age
12:35 Castle Age
10:22 Double-Bit Axe
13:28 Bow Saw
Gim
7:22 Feudal Age
11:24 Castle Age
10:10 Loom
11:18 Stone Mining
18:27 Loom
21:20 Padded Archer Armor
25:01 Leather Archer Armor
26:41 Wheelbarrow
26:46 Gold Mining
29:57 Imperial Age
god comic
7:41 Feudal Age
9:02 Double-Bit Axe
9:03 Horse Collar
11:27 Castle Age
9:55 Horse Collar
13:38 Wheelbarrow
Raddygo
8:01 Feudal Age
8:53 Double-Bit Axe
11:44 Castle Age
9:41 Horse Collar
16:54 Bow Saw
18:22 Wheelbarrow
17:59 Loom
18:47 Heavy Plow
18:55 Town Watch
20:04 Hand Cart
22:56 Scale Barding Armor
23:02 Forging
23:00 Gold Mining
26:06 Imperial Age
24:11 Bloodlines
25:13 Husbandry
25:13 Husbandry
26:48 Chain Barding Armor
28:11 Iron Casting
Connection lost

Rejoining the realm…

Still unreachable

The connection could not be restored.

Session expired

The server has moved on; the page needs a fresh start.